 Dungeon Crawl Stone Soup version 0.29-a0-872-g797fff5ad1 (webtiles) character file.

Game seed: 6084249787617999673

60 jimonade the Sneak (level 4, -6/27 HPs)
             Began as a Kobold Brigand on July 19, 2022.
             Mangled by Terence
             ... wielding a +0 trident
              (9 damage)
             ... on level 2 of the Dungeon.
             The game lasted 00:02:27 (1703 turns).

jimonade the Sneak (Kobold Brigand)                 Turns: 1703, Time: 00:02:27

Health: -6/27      AC:  4    Str:  8    XL:     4   Next: 25%
Magic:  4/4        EV: 14    Int: 12    God:
Gold:   182        SH:  0    Dex: 18    Spells: 3/3 levels left

rFire   . . .      SeeInvis .   a - +2 dagger
rCold   . . .      Faith    .   (no shield)
rNeg    . . .      Spirit   .   o - +0 robe
rPois   .          Reflect  .   (no helmet)
rElec   .          Harm     .   c - +0 cloak
rCorr   .          Rampage  .   g - +0 pair of gloves
Will    .....                   (no boots)
Stlth   +++++.....              t - amulet of regeneration
HPRegen 0.89/turn               (no ring)
MPRegen 0.09/turn               (no ring)

@: no status effects
A: small, no large weapons, nightstalker 3
a: no special abilities


You were on level 2 of the Dungeon.
You visited 1 branch of the dungeon, and saw 2 of its levels.

You collected 182 gold pieces.

Inventory:

Hand Weapons
 a - a +2 dagger (weapon)
 b - a +0 sling
Missiles
 d - 12 poisoned darts (quivered)
 e - 3 curare-tipped darts
 n - 3 boomerangs
 p - 11 stones
Armour
 c - a +0 cloak (worn)
 g - a +0 pair of gloves (worn)
 k - a +0 leather armour
 o - a +0 robe (worn)
Jewellery
 t - an amulet of regeneration (around neck)
Scrolls
 j - 2 scrolls of identify {unknown}
 l - 3 scrolls of teleportation {unknown}
 q - a scroll of enchant armour {unknown}
Potions
 f - a potion of invisibility {unknown}
 h - a potion of degeneration {unknown}
 i - 2 potions of ambrosia {unknown}
 m - a potion of curing {unknown}
 r - a potion of mutation {unknown}
 s - a potion of flight {unknown}


   Skills:
 + Level 2.5 Fighting
 + Level 3.2 Short Blades
 - Level 2.1 Throwing
 + Level 1.5 Dodging
 * Level 7.0 Stealth


You had 3 spell levels left.
You didn't know any spells.
Your spell library contained the following spells:

 Spells                   Type           Power      Damage    Failure   Level
 Shock                    Conj/Air       0%         1d3       32%         1
 Poisonous Vapours        Pois/Air       0%         N/A       45%         2
 Swiftness                Air            0%         N/A       69%         3
 Airstrike                Air            0%         0-1+      97%         4
 Corpse Rot               Necr/Pois/Air  0%         N/A       97%         4


Dungeon Overview and Level Annotations

Branches:
Dungeon (2/15)

Altars:

Annotations:
D:2 Terence


Innate Abilities, Weirdness & Mutations

You are small and have problems with some larger weapons.
You are completely attuned to the shadows.


Message History

Terence says, "Don't bother to defend, it's useless."
Terence hits you with a +0 trident.
You hit Terence.
Terence is lightly wounded.
Terence hits you with a +0 trident!
You barely miss Terence.
Terence is lightly wounded.
Terence completely misses you.
You hit Terence.
Terence is lightly wounded.
You hit Terence.
Terence is moderately wounded.
Terence closely misses you.
You barely miss Terence.
Terence is moderately wounded.
Terence hits you with a +0 trident!
You barely miss Terence.
Terence is moderately wounded.
Terence closely misses you.
You hit Terence but do no damage.
Terence is moderately wounded.
Terence hits you with a +0 trident!
* * * LOW HITPOINT WARNING * * *
You hit Terence.
Terence is heavily wounded.
You closely miss Terence.
Terence is heavily wounded.
Terence hits you with a +0 trident.
* * * LOW HITPOINT WARNING * * *
You closely miss Terence.
Terence is heavily wounded.
Terence barely misses you.
You closely miss Terence.
Terence is heavily wounded.
Terence hits you with a +0 trident.
* * * LOW HITPOINT WARNING * * *
You barely miss Terence.
Terence is heavily wounded.
Terence hits you with a +0 trident!
You die...

###### .....# ######### ######
.....########## #.....).. ....†+
.....'K@@.....###.####### ######
.....########..##.# #.. .....#
#####.##.#.#.#.# ######
#...#..#.#.#.#.# #.#.##.#.#.#.#.#
##################.#......#.#†#.#
.........................[.......
..################.#####.##.#....
..'.†... #.# #.##.#....


You could see Terence and a kobold.

Vanquished Creatures
  An adder (D:2)
  A worm (D:2)
  2 dart slugs
  6 bats (D:1)
  7 endoplasms
  2 giant cockroaches
  5 goblins
  2 hobgoblins (D:2)
  2 jackals (D:1)
  3 quokkas
  A ball python (D:1)
  4 frilled lizards
  4 kobolds (D:1)
  2 rats
42 creatures vanquished.

Notes
Turn   | Place    | Note
-------+----------+-------------------------------------------
     0 | D:1      | jimonade the Kobold Brigand began the quest for the Orb.
     0 | D:1      | Reached XP level 1. HP: 12/12 MP: 1/1
    43 | D:1      | Reached XP level 2. HP: 17/17 MP: 2/2
   247 | D:1      | Reached skill level 6 in Stealth
   415 | D:1      | Reached XP level 3. HP: 22/22 MP: 3/3
  1425 | D:2      | Reached XP level 4. HP: 27/27 MP: 4/4
  1600 | D:2      | Reached skill level 7 in Stealth
  1682 | D:2      | Noticed Terence
  1703 | D:2      | Mangled by Terence

Illustrated notes

Levels and vault maps discovered:
D:1:      dpeg_arrival_connections, layout_basic, dk_noncrumbling_3,
          minmay_pentomino_p4
D:2:      layout_basic, uniq_terence

Skill      XL: |  1  2  3  4 |
---------------+-------------+-----
Stealth        | 6 7 |  7.0
Short Blades   | 3 |  3.2
Fighting       | |  2.5
Throwing       | |  2.1
Dodging        | |  1.5

Action                   |  1- 3 |  4- 6 || total
-------------------------+-------+-------++-------
Melee: Dagger            |    77 |    34 ||   111
 Stab: Sleeping          |    17 |     3 ||    20
Armor: Robe              |    13 |     5 ||    18
Dodge: Dodged            |    40 |    16 ||    56

Table legend: (Time is in decaauts)
 A = Elapsed time spent in this place.
 B = Non-inter-level travel time spent in this place.
 C = Inter-level travel time spent in this place.
 D = Time resting spent in this place.
 E = Time spent auto-exploring this place.
 F = Levels seen in this place.
 G = Mean time per level.
                   A        B        C        D        E       F      G
               +--------+--------+--------+--------+--------+-----+--------+
         Total |   1687 |   1639 |     48 |      0 |   1317 |   2 |  843.5 |
       Dungeon |   1687 |   1639 |     48 |      0 |   1317 |   2 |  843.5 |
               +--------+--------+--------+--------+--------+-----+--------+

Top non-repeatable levels by time:
     D:1: 1103 daAuts
     D:2: 583 daAuts
